 Dungeon Crawl Stone Soup version 0.13.0-15-g9204fa6 (webtiles) character file.

248 Kejsarherre the Chopper (level 4, -2/35 HPs)
             Began as a Hill Orc Wanderer on Oct 20, 2013.
             Killed by nerve-wracking pain
             ... invoked by Grinder
              (4 damage)
             ... on Level 3 of the Dungeon.
             The game lasted 00:03:17 (1890 turns).

Kejsarherre the Chopper (Hill Orc Wanderer)         Turns: 1890, Time: 00:03:17

HP  -2/35        AC  8     Str 17      XL: 4   Next: 32%
MP   4/4         EV 13     Int 15      God:
Gold 172         SH  0     Dex 15      Spells:  0 memorised,  3 levels left

Res.Fire  : + . .   See Invis. : .   a - +2 orc hand axe {=f}
Res.Cold  : . . .   Warding    : .   l - +0 scale mail
Life Prot.: . . .   Conserve   : .   (no shield)
Res.Poison: .       Res.Corr.  : .   (no helmet)
Res.Elec. : .       Clarity    : .   (no cloak)
Sust.Abil.: . .     Spirit.Shd : .   (no gloves)
Res.Mut.  : .       Stasis     : .   (no boots)
Res.Rott. : .       Flight     : .   (no amulet)
Saprovore : + . .                    q - +2 ring of protection
                                     b - ring of protection from fire {unknown}

@: brilliant, agile, slightly resistant to hostile enchantments, unstealthy
A: saprovore 1
a: no special abilities


You were on level 3 of the Dungeon.
You were hungry.

You visited 1 branch of the dungeon, and saw 3 of its levels.

You collected 122 gold pieces.

Inventory:

Hand weapons
 a - a +2,+2 orcish hand axe (weapon) {=f}
Armour
 l - a +0 scale mail (worn)
Comestibles
 c - 2 meat rations
 g - 3 bread rations
 n - a rotting chunk of rat flesh
Scrolls
 d - a scroll of teleportation {unknown}
 e - a scroll of amnesia {unknown}
 h - a scroll of random uselessness {unknown}
 i - a scroll of remove curse {unknown}
 j - a scroll of enchant weapon II
 o - a scroll of enchant weapon I {unknown}
 p - a scroll of identify {unknown}
 r - a scroll of curse armour {unknown}
Jewellery
 b - a ring of protection from fire (left hand) {unknown}
 q - a +2 ring of protection (right hand)
Potions
 k - a potion of brilliance


   Skills:
 + Level 3.6 Fighting
 + Level 5.0 Axes
   Level 1.1 Polearms
 + Level 1.1 Armour
 - Level 1.0 Dodging
 - Level 1.0 Stealth
   Level 1.2 Invocations
   Level 1.0 Evocations


You had 3 spell levels left.
You didn't know any spells.

Dungeon Overview and Level Annotations

Branches:
Dungeon (3/27)

Altars:
Xom

Annotations:
D:3 Grinder


Innate Abilities, Weirdness & Mutations

You can tolerate rotten meat.


Message History

Grinder barely misses you. Grinder gestures at you. You resist.
You hit Grinder but do no damage. Grinder misses you.
You completely miss Grinder. Grinder hits you.
* * * LOW HITPOINT WARNING * * *
You writhe in agony.
* * * LOW HITPOINT WARNING * * *
You are too injured to fight recklessly!
You are too injured to fight recklessly!
You are too injured to fight recklessly!
You are too injured to fight recklessly!
You are too injured to fight recklessly!
You are too injured to fight recklessly!
You are too injured to fight recklessly!
You are too injured to fight recklessly!
You completely miss Grinder. Grinder gestures at you.
Pain shoots through your body!
You die...

.........#########...####
...$5....................
.....###.#######.....#... .
#.# #...###... #.# ##### ####
#.# #.### #5..# #@..#####
#...##...#### #.####......#
####.# #......#
#########....#######...######
#............................
#.#######....##...#########..
###...#...# #..
######...##### #..


You could see Grinder.

Vanquished Creatures
  2 adders (D:2)
  A giant mite (D:2)
  2 giant geckos
  An ooze (D:2)
  2 giant cockroaches
  7 hobgoblins
  3 jackals (D:1)
  9 kobolds
  3 quokkas
  4 bats
  2 giant newts
  4 goblins
  5 rats
45 creatures vanquished.

Notes
Turn   | Place    | Note
--------------------------------------------------------------
     0 | D:1      | Kejsarherre, the Hill Orc Wanderer, began the quest for the Orb.
     0 | D:1      | Reached XP level 1. HP: 15/15 MP: 1/1
   113 | D:1      | Reached skill level 3 in Axes
   192 | D:1      | Reached XP level 2. HP: 16/22 MP: 2/2
   362 | D:1      | Reached skill level 4 in Axes
   590 | D:1      | Reached XP level 3. HP: 19/28 MP: 3/3
  1372 | D:2      | Reached XP level 4. HP: 21/35 MP: 4/4
  1449 | D:2      | Found a shimmering altar of Xom.
  1630 | D:2      | Reached skill level 5 in Axes
  1867 | D:3      | Noticed Grinder
  1875 | D:3      | Paralysed by Grinder for 6 turns
  1890 | D:3      | Killed from afar by Grinder

Action                   |  1- 3 |  4- 6 || total
-------------------------+-------+-------++-------
Melee: Hand axe          |   135 |    36 ||   171
  Use: Potion            |     1 |     3 ||     4
       Scroll            |       |     2 ||     2
 Stab: Sleeping          |     1 |       ||     1
